 Dungeon Crawl Stone Soup version 0.30-a0-996-ga6910c8ee8 (webtiles) character file.

Game seed: 14221180750643809030

422 Juicyj the Trooper (level 6, -1/56 HPs)
             Began as a Minotaur Fighter on Apr 4, 2023.
             Slain by an orc wizard
             ... wielding a +0 dagger
              (3 damage)
             ... on level 4 of the Dungeon.
             The game lasted 00:04:37 (2610 turns).

Juicyj the Trooper (Minotaur Fighter)               Turns: 2610, Time: 00:04:37

Health: -1/56      AC:  7    Str: 23    XL:     6   Next: 63%
Magic:  5/5        EV:  9    Int:  5    God:
Gold:   141        SH:  4    Dex:  9    Spells: 5/5 levels left

rFire   . . .      SeeInvis .    a - +0 war axe
rCold   . . .      Faith    .    c - +0 buckler
rNeg    . . .      Spirit   .    b - +0 scale mail
rPois   .          Reflect  .    (helmet restricted)
rElec   .          Rampage  .    (no cloak)
rCorr   .                        (no gloves)
Will    .....                    (no boots) Stlth
                                 l - amulet of the acrobat
HPRegen 0.29/turn                (no ring)
MPRegen 0.09/turn                (no ring)

@: no status effects
A: horns 2, retaliatory headbutt
a: no special abilities


You were on level 4 of the Dungeon.
You visited 1 branch of the dungeon, and saw 4 of its levels.

You collected 141 gold pieces.

Inventory:

Hand Weapons
 a - a +0 war axe (weapon)
 f - a +0 antimagic spear
Missiles
 g - 4 poisoned darts (quivered)
 m - 5 javelins
Armour
 b - a +0 scale mail (worn)
 c - a +0 buckler (worn)
 i - the +1 leather armour of Ocweu {rElec}
   (You found it on level 4 of the Dungeon)

   rElec:     It insulates you from electricity.
Jewellery
 l - an amulet of the acrobat (around neck)
Scrolls
 j - 2 scrolls of fog
 n - a scroll of amnesia {unknown}
Potions
 d - a potion of might
 e - a potion of haste
 k - a potion of brilliance


   Skills:
 + Level 5.2 Fighting
 + Level 4.3 Axes
 + Level 2.8 Throwing
 + Level 5.1 Armour
 + Level 5.1 Shields


You had 5 spell levels left.
You didn't know any spells.
Your spell library contained the following spells:

 Spells                   Type           Power      Damage    Failure   Level
 Beastly Appendage        Tmut           0%         N/A       86%         1
 Slow                     Hex            0%         N/A       86%         1
 Wereblood                Tmut           0%         N/A       94%         2
 Confusing Touch          Hex            0%         N/A       99%         3
 Spider Form              Tmut/Pois      0%         N/A       99%         3
 Vampiric Draining        Necr           0%         2d6       99%         3


Dungeon Overview and Level Annotations

Branches:
Dungeon (4/15)
 Temple: D:4-7

Altars:
Ashenzari

Shops:
D:1 :


Innate Abilities, Weirdness & Mutations

You have a pair of horns on your head.
You reflexively headbutt those who attack you in melee.


Message History

You block the orc priest's attack.
An orc wizard comes into view.
It is wielding a +0 dagger and wearing a +1 robe of resistance.
You barely miss the orc priest.
The orc priest is heavily wounded.
The orc priest invokes the aid of Beogh against you.
Beogh smites you!
You slash the orc priest!
You kill the orc priest!
The orc priest calls down the wrath of Beogh upon you.
Beogh smites you!
* * * LOW HITPOINT WARNING * * *
You closely miss the orc.
The endoplasm jiggles.
An orc comes into view. It is wielding a +0 trident.
The orc barely misses you. The orc hits you but does no damage.
The orc shouts!
You slash the orc! Your headbutt misses the orc.
The orc is almost dead.
The orc closely misses you.
You slash the orc!
You kill the orc!
The orc wizard gestures wildly while chanting.
The orc wizard flickers and vanishes!
Deactivating autopickup; reactivate with Ctrl-A.
You slash the orc!
You kill the orc!
The orc barely misses you.
You closely miss the orc. The orc hits you but does no damage.
You slash the orc!
You kill the orc!
You hit the endoplasm but do no damage. You headbutt the endoplasm.
You kill the endoplasm!
You miss something. Something hits you.
* * * LOW HITPOINT WARNING * * *
The orc priest calls down the wrath of Beogh upon you.
Beogh smites you!
* * * LOW HITPOINT WARNING * * *
Something hits you but does no damage.
You closely miss something. Something hits you.
You die...

... #.. ... #.. #o.
#.# #o# #.# #o# #.#
#o# #.# #{#
#######.####@###.#
.............>...#
#######.####.#####
#.# #.# #.####.#
#......############
#####........>..(.#
#.###########.#####
#<###########......


You could see an orc priest and 3 orcs.

Vanquished Creatures
  A black bear (D:4)
  A hound (D:3)
  An orc priest (D:4)
  Crazy Yiuf (D:3)
  Jessica (D:2)
  2 orc wizards
  7 adders
  4 worms (D:2)
  3 dart slugs
  12 orcs
  7 endoplasms
  7 goblins
  3 hobgoblins (D:2)
  12 jackals
  2 quokkas (D:1)
  3 ball pythons
  A bat (D:3)
  5 frilled lizards
  3 kobolds (D:3)
  7 rats
83 creatures vanquished.

Notes
Turn   | Place    | Note
-------+----------+-------------------------------------------
     0 | D:1      | Juicyj the Minotaur Fighter began the quest for the Orb.
     0 | D:1      | Reached XP level 1. HP: 19/19 MP: 0/0
   122 | D:1      | Found Ynoro's Book Shoppe.
   162 | D:1      | Reached XP level 2. HP: 26/27 MP: 1/1
   353 | D:2      | Noticed Jessica
   360 | D:2      | Killed Jessica
   361 | D:2      | Reached skill level 1 in Throwing
   361 | D:2      | Reached XP level 3. HP: 15/33 MP: 2/2
   799 | D:2      | Reached XP level 4. HP: 32/40 MP: 3/3
  1144 | D:2      | Found a faded altar of an unknown god.
  1751 | D:3      | Reached XP level 5. HP: 33/47 MP: 4/4
  1847 | D:3      | Found a broken altar of Ashenzari.
  2147 | D:3      | Found a runed translucent door.
  2148 | D:3      | Noticed Crazy Yiuf
  2270 | D:3      | Killed Crazy Yiuf
  2378 | D:4      | Noticed a black bear
  2398 | D:4      | Killed a black bear
  2399 | D:4      | Reached skill level 5 in Fighting
  2399 | D:4      | Reached skill level 5 in Shields
  2399 | D:4      | Reached XP level 6. HP: 47/56 MP: 5/5
  2407 | D:4      | Identified the +1 leather armour of Ocweu {rElec}
  2427 | D:4      | Reached skill level 5 in Armour
  2609 | D:4      | HP: 1/56 [orc priest/divine providence (14)]
  2610 | D:4      | Slain by an orc wizard

Illustrated notes

Levels and vault maps discovered:
D:1:      eino_arrival_water_cross, layout_rooms, serial_shops,
          nicolae_diamond_shop
D:2:      layout_basic, dreamdust_ecumenical_altar_hidden_monk_grotto,
          minmay_ruptured, uniq_jessica
D:3:      layout_rooms, evilmike_ruin_ashenzari, minmay_unequal,
          uniq_crazy_yiuf_cottage
D:4:      layout_loops_ring, uniq_robin

Skill      XL: |  1  2  3  4  5  6 |
---------------+-------------------+-----
Fighting       | 4 5 |  5.2
Throwing       | 1 2 |  2.8
Armour         | 4 5 |  5.1
Shields        | 4 5 |  5.1
Axes           | 3 4 |  4.3

Action                     |  1- 3 |  4- 6 || total
---------------------------+-------+-------++-------
  Melee: War axe           |    42 |   128 ||   170
         Headbutt          |     3 |    18 ||    21
    Use: Scroll            |     2 |     2 ||     4
         Potion            |     1 |     5 ||     6
 Armour: Scale mail        |    17 |    48 ||    65
  Dodge: Dodged            |    19 |    54 ||    73
  Block: Buckler           |    11 |    18 ||    29

Table legend: (Time is in decaauts)
 A = Elapsed time spent in this place.
 B = Non-inter-level travel time spent in this place.
 C = Inter-level travel time spent in this place.
 D = Time resting spent in this place.
 E = Time spent auto-exploring this place.
 F = Levels seen in this place.
 G = Mean time per level.
                   A        B        C        D        E       F      G
               +--------+--------+--------+--------+--------+-----+--------+
         Total |   2655 |   2571 |     84 |     46 |   1967 |   4 |  663.8 |
       Dungeon |   2655 |   2571 |     84 |     46 |   1967 |   4 |  663.8 |
               +--------+--------+--------+--------+--------+-----+--------+

Top non-repeatable levels by time:
     D:2: 1143 daAuts
     D:3: 904 daAuts
     D:1: 340 daAuts
     D:4: 266 daAuts
